Map: Dusk Towers

Players

Fropez

  • Race: Protoss Protoss
  • League: Silver
  • Spawn Location: 1:00

JoeBlow - Winner!

  • Race: Terran Terran
  • League: Silver
  • Spawn Location: 7:00

VOD

Have the link to the VOD?

Description

Time

  • Played on: May 23, 2016, 11:48 p.m.
  • Length: 23:09
Show
View Real Time Build Order
Export as new Build Order

Fropez Protoss 

Build Orders:  

Get SALT Encoding   

  12  0:04  Probe (Chrono Boost)  
  13  0:15  Pylon  
  13  0:18  Probe (Chrono Boost)  
  14  0:28  Probe (Chrono Boost)  
  15  0:39  Probe (Chrono Boost), Gateway  
  16  0:45  Assimilator  
  17  0:50  Probe (Chrono Boost)  
  17  1:00  Probe (Chrono Boost)  
  18  1:11  Probe (Chrono Boost)  
  19  1:13  Gateway  
  19  1:21  Probe (Chrono Boost)  
  19  1:23  Assimilator  
  20  1:32  Probe (Chrono Boost)  
  21  1:38  Pylon  
  21  1:42  Probe (Chrono Boost)  
  22  1:53  Probe (Chrono Boost)  
  23  1:59  Cybernetics Core  
  23  2:03  Pylon, Probe (Chrono Boost)  
  24  2:13  Forge  
  24  2:14  Probe (Chrono Boost)  
  25  2:24  Probe (Chrono Boost)  
  26  2:35  Warp Gate (Chrono Boost)  
  26  2:36  Adept  
  26  2:37  Adept  
  30  2:39  Probe (Chrono Boost)  
  31  2:46  Protoss Ground Weapons Level 1  
  31  2:54  Pylon, Probe (Chrono Boost)  
  32  3:04  Adept x2  
  32  3:05  Probe (Chrono Boost)  
  37  3:15  Mothership Core  
  39  3:31  Adept x2  
  43  3:36  Probe  
  44  3:49  Probe  
  45  3:56  Gateway, Robotics Facility  
  45  3:58  Adept  
  47  4:21  Pylon  
  47  4:29  Probe  
  47  4:33  Assimilator  
  47  4:36  Assimilator  
  47  4:37  Pylon  
  47  4:41  Probe, Protoss Ground Armor Level 1 (Chrono Boost)  
  47  4:44  Immortal  
  52  4:53  Probe  
  53  5:09  Probe  
  54  5:21  Probe  
  54  5:24  Immortal  
  54  5:25  Nexus  
  59  5:28  Pylon  
  59  5:33  Probe  
  58  5:57  Probe  
  59  6:08  Immortal  
  63  6:15  Twilight Council, Probe  
  64  6:27  Probe  
  65  6:34  Protoss Shields Level 1 (Chrono Boost)  
  65  6:37  Probe  
  66  6:42  Nexus  
  66  6:45  Assimilator  
  66  6:50  Pylon  
  66  6:51  Blink  
  66  6:58  Probe x2  
  68  7:08  Probe  
  68  7:10  Probe  
  70  7:25  Assimilator  
  70  7:27  Pylon  
  70  7:28  Probe x2  
  71  7:32  Pylon  
  71  7:34  Pylon  
  72  7:38  Pylon  
  72  7:40  Probe  
  72  7:41  Pylon  
  72  7:43  Observer  
  74  7:44  Gateway  
  74  7:47  Pylon  
  74  8:04  Immortal  
  78  8:13  Probe  
  78  8:14  Probe x2  
  81  8:22  Stalker x2  
  83  8:34  Gateway  
  83  8:35  Gateway  
  83  8:39  Stalker  
  82  8:46  Stalker  
  80  9:05  Stalker x3  
  86  9:27  Probe x2  
  86  9:28  Probe  
  89  9:46  Stalker x6  
  99  10:01  Immortal  
  99  10:06  Protoss Ground Weapons Level 2 (Chrono Boost)  
  103  10:14  Forge  
  103  10:17  Probe  
  103  10:18  Probe  
  103  10:19  Probe  
  104  10:24  Gateway  
  104  10:28  Gateway  
  104  10:40  Templar Archives  
  104  10:42  Warp Prism  
  106  10:53  Probe  
  106  10:54  Probe, Dark Shrine  
  106  10:55  Probe  
  109  11:04  Probe  
  109  11:08  Protoss Ground Armor Level 2 (Chrono Boost)  
  108  11:12  Probe x2  
  108  11:16  Probe  
  111  11:19  Nexus  
  110  11:30  Stalker x5  
  110  11:31  Stalker  
  110  11:32  Stalker  
  121  11:33  Stalker  
  115  12:02  High Templar  
  115  12:03  High Templar x5  
  115  12:04  High Templar x2  
  115  12:07  Archon x3  
  131  12:09  Archon  
  131  12:10  Probe x2  
  131  12:11  Probe  
  134  12:18  Protoss Ground Weapons Level 3 (Chrono Boost)  
  134  12:24  Immortal  
  134  13:02  Stalker x5  
  134  13:03  Probe x2, Stalker  
  134  13:04  Probe  
  120  13:59  Nexus  
  120  14:03  Assimilator  
  120  14:07  Dark Templar x2  
  120  14:08  Assimilator, Dark Templar x6  
  120  14:09  Pylon  
  134  14:27  Pylon  
  132  14:38  Pylon, Immortal  
  136  14:39  Protoss Ground Armor Level 3 (Chrono Boost)  
  120  14:50  Nexus  
  100  14:53  Assimilator  
  100  14:55  Protoss Shields Level 2 (Chrono Boost)  
  100  14:57  Assimilator  
  100  14:58  Pylon  
  100  15:02  Pylon  
  100  15:04  Pylon  
  100  15:05  Probe  
  100  15:06  Probe  
  100  15:07  Pylon, Probe  
  103  15:16  High Templar x3, Probe  
  103  15:17  High Templar x5, Gateway  
  103  15:18  Gateway  
  103  15:19  Probe  
  103  15:20  Pylon  
  103  15:21  Archon x3  
  121  15:22  Archon  
  121  15:31  Photon Cannon  
  121  15:33  Photon Cannon  
  121  15:36  Gateway  
  121  15:37  Pylon  
  121  15:42  Photon Cannon  
  121  15:44  Photon Cannon  
  121  15:45  Photon Cannon  
  121  15:49  Pylon  
  96  16:06  High Templar x6  
  96  16:07  High Templar  
  96  16:10  Archon x3  
  98  16:28  Dark Templar x2  
  89  16:37  Dark Templar  
  87  16:48  Zealot x6  
  87  16:49  Zealot  
  97  17:07  Stalker x2  
  101  17:22  Probe  
  101  17:23  Probe x2  
  101  17:24  Probe  
  105  17:33  Probe x3  
  105  17:36  Probe  
  109  17:40  Zealot  
  109  17:41  Nexus, Zealot x6  
  109  17:42  Zealot x3  
  129  17:44  Assimilator  
  129  17:50  Assimilator  
  129  17:53  Pylon  
  129  17:55  Pylon  
  129  17:59  Pylon  
  129  18:01  Pylon  
  129  18:03  Stalker  
  129  18:04  Pylon, Stalker x4  
  129  18:05  Stalker  
  99  18:25  Zealot x5  
  109  18:28  Zealot x6  
  111  19:05  Probe x2  
  111  19:06  Probe x2  
  111  19:07  Nexus  
  111  19:09  Assimilator  
  115  19:11  Probe  
  115  19:13  Assimilator  
  114  19:17  Pylon  
  114  19:19  Pylon  
  114  19:21  Pylon  
  114  19:22  Probe  
  93  19:25  Pylon  
  93  19:28  High Templar x5  
  93  19:29  High Templar x5, Pylon  
  105  19:32  Probe, Archon  
  105  19:33  Archon x2  
  106  19:43  Probe  
  107  19:51  Probe  
  107  19:53  Probe  
  109  20:17  Nexus  
  109  20:19  Assimilator  
  109  20:25  Assimilator  
  109  20:27  Zealot x5  
  109  20:28  Pylon x2, Zealot x2  
  109  20:41  Dark Templar x3  
  94  20:51  Probe  
  94  20:52  Probe x3  
  94  20:53  Probe  
  91  21:14  Pylon  
  82  21:36  Pylon  
  76  21:40  Charge (Chrono Boost)  
  76  21:44  Stalker x3  
  76  21:45  Stalker x4  
  89  21:50  Pylon  
  87  22:00  Pylon, Probe x3  
  87  22:01  Probe  
  91  22:10  Pylon, Probe x2  
  91  22:11  High Templar x4, Probe  
  91  22:12  High Templar x2  
  91  22:13  Probe  
  106  22:23  Archon x3  
  97  22:38  Stalker x5  
Show
View Real Time Build Order
Export as new Build Order

JoeBlow Terran - Winner!

Build Orders: MMM Bio 

Get SALT Encoding   

  12  0:01  SCV  
  13  0:13  SCV  
  14  0:20  Supply Depot  
  14  0:25  SCV  
  15  0:41  SCV, Supply Depot  
  16  0:47  Barracks  
  16  0:54  SCV  
  17  1:09  SCV  
  17  1:10  Barracks  
  18  1:21  SCV  
  18  1:25  Barracks  
  19  1:33  SCV  
  20  1:44  Marine  
  21  1:58  Command Center  
  21  2:00  Marine  
  22  2:04  Marine  
  23  2:17  Marine  
  23  2:18  Marine  
  23  2:22  Refinery  
  25  2:24  Refinery  
  25  2:28  Marine  
  26  2:31  SCV  
  27  2:40  Marine x2  
  27  2:43  SCV  
  30  2:44  Supply Depot  
  30  2:55  SCV  
  31  3:05  Marine  
  31  3:11  Factory  
  31  3:12  SCV x2  
  34  3:15  Refinery  
  34  3:18  Barracks Tech Lab  
  34  3:28  Engineering Bay  
  34  3:29  Marine  
  34  3:40  Barracks Tech Lab  
  34  3:42  SCV x2  
  36  3:55  Orbital Command  
  36  3:57  Factory Reactor  
  36  4:01  Barracks Reactor  
  36  4:04  Marauder  
  36  4:07  SCV  
  39  4:12  Missile Turret  
  39  4:18  Missile Turret  
  39  4:26  Missile Turret  
  39  4:30  Missile Turret  
  39  4:44  Starport  
  39  4:49  Marine x2  
  39  4:51  SCV  
  42  4:53  Factory Tech Lab  
  42  4:59  Orbital Command  
  42  5:15  Marine  
  42  5:16  Marauder  
  42  5:17  Sensor Tower  
  42  5:18  Marauder  
  46  5:48  SCV  
  46  5:49  SCV  
  48  6:01  SCV x2  
  50  6:11  Missile Turret  
  50  6:13  SCV  
  50  6:14  SCV  
  50  6:15  Missile Turret  
  52  6:19  Terran Infantry Weapons Level 1  
  52  6:21  Stimpack, Concussive Shells, Engineering Bay  
  52  6:26  SCV  
  52  6:27  Mag-Field Accelerator, Liberator x2  
  53  6:37  Supply Depot  
  53  6:38  SCV, Supply Depot  
  54  6:44  SCV  
  54  6:46  Missile Turret  
  61  6:56  Terran Infantry Armor Level 1  
  61  7:04  Combat Shields  
  61  7:27  Medivac x2  
  65  7:32  Refinery  
  65  7:33  Command Center  
  65  7:39  Marine  
  65  7:40  Marine x3  
  69  7:48  Ghost Academy  
  69  7:50  Ghost Academy  
  69  7:57  Marine x4  
  73  8:15  Marine x3  
  73  8:58  Marine x4  
  73  9:02  Siege Tank  
  80  9:15  Marine  
  80  9:16  Marine x3  
  84  9:21  Armory  
  84  9:23  Starport, Personal Cloaking, Armory  
  84  9:27  SCV  
  85  9:33  Marine  
  85  9:34  Marine x3, Siege Tank  
  92  9:39  SCV  
  93  9:51  Marine  
  94  10:06  Siege Tank  
  97  10:11  Planetary Fortress  
  97  10:18  Marine  
  97  10:19  Marine x3  
  100  10:24  Terran Infantry Armor Level 2, Terran Infantry Weapons Level 2  
  100  10:36  Marine  
  100  10:38  Marine x3  
  101  11:27  Refinery  
  101  11:29  Marine  
  101  11:30  Refinery  
  101  11:33  Marine  
  101  11:41  Marine, SCV  
  101  11:42  Marine  
  101  11:44  Medivac  
  101  11:45  Siege Tank, Medivac  
  99  11:47  Marine  
  99  11:51  Marine  
  99  11:53  SCV  
  94  11:58  Marine  
  94  12:00  Marine  
  96  12:05  Marine, SCV  
  96  12:06  Barracks x2  
  98  12:08  Marine, Barracks  
  98  12:14  Medivac  
  101  12:20  Supply Depot  
  101  12:21  Supply Depot  
  101  12:42  Marine x4, SCV, Siege Tank, Medivac  
  101  12:43  SCV x2  
  110  12:45  Supply Depot  
  110  12:48  Supply Depot  
  104  12:54  SCV  
  104  12:55  SCV x2  
  107  12:59  Marine x4  
  107  13:00  Barracks Tech Lab x2  
  107  13:01  Barracks Tech Lab  
  111  13:06  SCV  
  111  13:07  SCV x2  
  111  13:08  Bunker  
  111  13:09  Missile Turret  
  114  13:14  Siege Tank  
  114  13:15  Missile Turret  
  114  13:17  Marine  
  114  13:18  SCV, Marauder  
  114  13:19  SCV x2  
  92  13:28  Marine x2  
  81  13:36  Marauder  
  81  13:38  Marauder x2  
  81  13:39  Marauder x2  
  85  13:45  Marine  
  85  13:46  Marine  
  86  13:57  Marauder  
  86  14:00  Marine  
  89  14:03  Marine  
  89  14:04  Marine  
  90  14:18  Marine x2  
  90  14:19  Marauder x3  
  90  14:21  Marine  
  90  14:22  Marine  
  99  14:36  Marauder x2  
  103  14:40  Marauder  
  103  14:41  Marauder x2  
  97  14:58  Marine x2, Marauder x2  
  103  15:02  Marauder x3  
  103  15:03  Terran Infantry Armor Level 3  
  109  15:11  Liberator x2  
  109  15:15  Marine  
  109  15:16  Marine  
  109  15:17  Command Center  
  109  15:18  Marine x2  
  113  15:22  Marine  
  113  15:23  Marine x2  
  116  15:33  Marine  
  116  15:34  Marine  
  124  15:36  Marine  
  124  15:37  Marauder  
  124  15:41  Marauder x3  
  133  15:48  Command Center  
  133  15:54  Liberator x2  
  133  15:55  Marine  
  133  15:56  Marine  
  132  15:57  Marauder  
  132  15:58  Marauder  
  132  16:02  Marauder  
  132  16:03  Marauder x2  
  125  16:13  Marine  
  125  16:14  Marine  
  132  16:20  Marauder  
  132  16:21  Marauder  
  132  16:23  Marine  
  132  16:24  Marine x2  
  130  16:30  Marine  
  130  16:32  Marine  
  124  16:41  Marine x5  
  123  16:48  Marine  
  123  16:49  Marine  
  105  16:59  Marine x5  
  98  17:06  Marine  
  98  17:07  Marine  
  86  17:16  Marine x2  
  86  17:17  Marine x3  
  91  17:22  Planetary Fortress  
  91  17:24  Marine  
  92  17:30  Planetary Fortress  
  92  17:35  Marauder x5  
  102  17:56  Marauder x2  
  102  17:57  Marauder x3  
  112  18:01  Marine  
  112  18:02  Marine  
  106  18:18  Marauder x5  
  106  18:19  Marine  
  111  18:20  Marine  
  112  18:37  Marine x2  
  112  18:39  Marauder x3  
  112  18:40  Marauder x2  
  87  18:58  Marine  
  87  18:59  Marine  
  87  19:00  Marauder x2  
  87  19:01  Marauder x3  
  99  19:05  Medivac x2  
  103  19:22  Marauder x5  
  111  19:33  Refinery  
  111  19:35  Refinery  
  111  19:38  Terran Infantry Weapons Level 3  
  111  19:42  Marine x2  
  111  19:43  Marauder x2  
  111  19:44  Marauder x3  
  123  19:49  Siege Tank  
  126  19:53  Starport Tech Lab  
  126  19:55  Nuke  
  126  20:00  Marine x2  
  126  20:04  Marauder  
  126  20:05  Marauder x4  
  138  20:15  Command Center  
  138  20:17  Marine  
  139  20:26  Marauder x2  
  130  20:47  Marine x7  
  126  21:04  Marine  
  126  21:05  Marine x3  
  126  21:08  Ghost x3  
  122  21:23  Marauder x2  
  112  21:44  Marauder  
  112  21:45  Marauder x2  
  117  22:22  Marine  
  117  22:23  Marine x6  
  124  22:40  Marine  
  124  22:41  Marine x6  
Tags
 
Composition
MMM Bio
Matchup
PvT
Replay Pack
All Mines
Spawn Locations
Cross Positions
Add a new tag
Caveats
  • Supply blocks, unpowered buildings, or Contaminate may cause inaccurate times.
  • Supply counts are checked every 10 seconds.